 Dungeon Crawl Stone Soup version 0.18.1-8-gdd0e5ea (webtiles) character file.

527 Gagarin the Chopper (level 7, -4/58 HPs)
             Began as a Hill Orc Gladiator on May 29, 2016.
             Slain by Duvessa
             ... wielding a +2 short sword of draining
              (12 damage)
             ... on level 5 of the Dungeon.
             The game lasted 00:13:05 (3851 turns).

Gagarin the Chopper (Hill Orc Gladiator)            Turns: 3851, Time: 00:13:06

Health: -4/58      AC:  9    Str: 18    XL:     7   Next: 23%
Magic:  6/7        EV: 13    Int: 10    God:
Gold:   325        SH:  0    Dex: 11    Spells: 1 memorised, 5 levels left

rFire  . . .     SeeInvis .     a - +0 war axe
rCold  + . .     Gourm    .     i - +2 robe {rC+}
rNeg   . . .     Faith    .     (no shield)
rPois  .         Spirit   .     c - +0 helmet
rElec  .         Dismiss  .     (no cloak)
rCorr  .         Reflect  .     o - +0 pair of gloves
SustAt .         Harm     .     p - +0 pair of boots
MR     .....                    (no amulet)
Stlth  ++........               (no ring)
                                e - +2 ring of protection

@: drained, not resistant to hostile enchantments, unstealthy
A: no striking features
a: no special abilities


You were on level 5 of the Dungeon.
You were not hungry.

You visited 1 branch of the dungeon, and saw 5 of its levels.

You collected 325 gold pieces.

Inventory:

Hand Weapons
 a - a +0 war axe (weapon)
 x - a +0 greatsling
Armour
 c - a +0 helmet (worn)
 i - a +2 robe of cold resistance (worn)
 o - a +0 pair of gloves (worn)
 p - a +0 pair of boots (worn)
Jewellery
 e - a +2 ring of protection (left hand)
 j - an uncursed ring of ice
Scrolls
 h - 4 scrolls of identify
 k - a scroll of magic mapping
 l - 4 scrolls of remove curse
 m - 2 scrolls of fear {unknown}
 r - 2 scrolls of enchant armour {unknown}
 s - 2 scrolls of teleportation
 w - 2 scrolls of recharging {unknown}
Potions
 b - a potion of cancellation
 g - a potion of haste {unknown}
 q - 2 potions of lignification
 u - a potion of curing
 z - a potion of mutation {unknown}
Books
 y - a book of Air

   Spells                             Type                      Level
   a - Shock                          Conjuration/Air              1
   b - Swiftness                      Charms/Air                   2
   c - Repel Missiles                 Charms/Air                   2
   d - Static Discharge               Conjuration/Air              3
   e - Lightning Bolt                 Conjuration/Air              5
Comestibles
 f - 3 bread rations
 n - 8 fruits
 t - 3 beef jerkies
 v - a royal jelly


   Skills:
 + Level 3.9(3.0) Fighting
 + Level 6.1(5.1) Axes
 + Level 2.0(1.1) Throwing
 + Level 2.6(1.7) Armour
 + Level 4.2(3.3) Dodging
 + Level 2.1(1.1) Stealth
 + Level 0.2(0.0) Conjurations
 + Level 0.1(0.0) Air Magic


You had 5 spell levels left.
You knew the following spells:

 Your Spells              Type           Power        Failure   Level  Hunger
a - Shock                 Conj/Air       #...         38%         1    ##.....


Dungeon Overview and Level Annotations

Branches:
Dungeon (5/15)             Temple (0/1) D:4

Altars:
Cheibriados

Annotations:
D:5 Duvessa


Message History

The scorpion stings you but does no damage.
Duvessa hits you with a short sword of draining.
* * * LOW HITPOINT WARNING * * *
Drink which item? (? for menu, Esc to quit)
It was a potion of cancellation.
Your magical effects are unravelling.
You feel magically purged.
You feel sick. Duvessa barely misses you. The scorpion stings you.
* * * LOW HITPOINT WARNING * * *
Drink which item? (? for menu, Esc to quit)
It was a potion of curing.
You feel better.
You feel less woody.
Your +0 helmet unmelds from your body.
Your +0 pair of gloves unmelds from your body.
Your +0 pair of boots unmelds from your body.
Your +2 robe of cold resistance unmelds from your body.
You feel resistant to cold. Duvessa hits you but does no damage.
You feel drained. The scorpion misses you.
Duvessa hits you with a short sword of draining!
You die...

### .(. #..
#.##.#### ###
......%.## ..###
#.....# ....
#.#####es# ..#####
#.# #.@# ##.#.....
#.# ##..#####....#
#.# #.........#..# .
#.# #...#####...#
### #. #.# #...#
##.## #..#.. #.#
#...# #.# #.#.#. #.#
#...# #.# #.#.#. #.#
#...######.# #.....
##.#
#..........####.....


You could see Duvessa (berserk) and a scorpion.

Vanquished Creatures
  A sky beast (D:5)
  A phantom (D:4)
  Dowan (D:5)
  A hound (D:4)
  A giant frog skeleton (D:5)
  Terence (D:3)
  A mummy (D:5)
  4 gnolls (D:5)
  7 adders
  2 oozes
  An adder skeleton (D:4)
  2 worms
  3 dart slugs
  3 giant geckos
  7 orcs
  12 bats
  3 giant cockroaches
  9 goblins
  11 hobgoblins
  4 quokkas
  A ball python (D:2)
  A giant newt (D:4)
  8 kobolds
  A quokka skeleton (D:4)
  4 rats
90 creatures vanquished.

Notes
Turn   | Place    | Note
--------------------------------------------------------------
     0 | D:1      | Gagarin the Hill Orc Gladiator began the quest for the Orb.
     0 | D:1      | Reached XP level 1. HP: 18/18 MP: 1/1
   212 | D:1      | Reached XP level 2. HP: 25/25 MP: 2/2
   761 | D:1      | Reached XP level 3. HP: 28/30 MP: 3/3
   924 | D:2      | Reached skill level 1 in Armour
   996 | D:2      | Reached XP level 4. HP: 21/37 MP: 4/4
  1999 | D:3      | Reached skill level 5 in Axes
  1999 | D:3      | Reached XP level 5. HP: 37/44 MP: 5/5
  2247 | D:3      | Noticed Terence
  2263 | D:3      | Killed Terence
  2821 | D:4      | Found a staircase to the Ecumenical Temple.
  2832 | D:4      | Reached skill level 1 in Stealth
  3206 | D:5      | Entered Level 5 of the Dungeon
  3239 | D:5      | Found a snail-covered altar of Cheibriados.
  3328 | D:5      | Reached XP level 6. HP: 48/51 MP: 6/6
  3340 | D:5      | Noticed a sky beast
  3364 | D:5      | Killed a sky beast
  3367 | D:5      | Learned a level 1 spell: Shock
  3515 | D:5      | Reached skill level 6 in Axes
  3521 | D:5      | Noticed Dowan
  3522 | D:5      | Noticed a phantom
  3529 | D:5      | Noticed Duvessa
  3584 | D:4      | Killed a phantom
  3584 | D:4      | Reached XP level 7. HP: 20/58 MP: 5/7
  3839 | D:5      | Killed Dowan
  3851 | D:5      | Slain by Duvessa

Skill      XL: |  1  2  3  4  5  6  7 |
---------------+----------------------+-----
Armour         | 1 2 |  2.6
Dodging        | 3 4 |  4.2
Axes           | 5 6 |  6.1
Fighting       | 3 |  3.9
Stealth        | 1 2 |  2.1
Throwing       | 2 |  2.0
Conjurations   | |  0.2
Air Magic      | |  0.1

Action                   |  1- 3 |  4- 6 |  7- 9 || total
-------------------------+-------+-------+-------++-------
Melee: War axe           |   115 |   223 |    24 ||   362
Throw: Throwing net      |       |     7 |     2 ||     9
 Cast: Shock             |       |     2 |     2 ||     4
  Use: Scroll            |       |     4 |       ||     4
       Potion            |       |       |     3 ||     3
 Stab: Sleeping          |     1 |     1 |       ||     2
       Held in net/web   |       |     4 |       ||     4
  Eat: Chunk             |       |     9 |     1 ||    10
Armor: Leather armour    |    40 |    43 |       ||    83
       Robe              |       |    39 |     9 ||    48
       Skin              |       |       |     9 ||     9
Dodge: Dodged            |   102 |   126 |    25 ||   253
